 Dungeon Crawl Stone Soup version 0.31-a0-1074-g0b22e4e0f1 (webtiles) character file.

Game seed: 8464061589990908265

1724 RepHenryClay the Changeling (level 8, -3/74 HPs)
             Began as a Troll Shapeshifter on Dec 8, 2023.
             Slain by a yak (11 damage)
             ... on level 5 of the Dungeon.
             The game lasted 00:07:11 (4295 turns).

RepHenryClay the Changeling (Troll Shapeshifter)    Turns: 4295, Time: 00:07:11

Health: -3/74      AC:  4    Str: 29      XL:     8   Next: 75%
Magic:  7/7        EV: 11    Int:  6      God:
Gold:   371        SH:  0    Dex:  9 (11) Spells: 7/7 levels left

rFire   . .          .
                       - Unarmed
rCold   . . .        (no shield)
rNeg    . . .        a - +0 animal skin
rPois   .            (helmet currently unavailable)
rElec   .            (cloak currently unavailable)
rCorr   .            (gloves unavailable)
SInv    .            (boots unavailable)
Will    .....        (no amulet)
Stlth   +            h - +6 ring of strength
HPRegen 1.12/turn    (no ring)
MPRegen 0.10/turn

%: no passive effects
@: mighty, beast-form
A: beast (slay +4), large, unfitting armour, claws 3, regeneration 1, shaggy fur
1, tough skin 1, horns 1, MP-powered wands
a: Begin Untransformation


You were on level 5 of the Dungeon.
You were a hulking beast.
You visited 2 branches of the dungeon, and saw 7 of its levels.

You collected 371 gold pieces.

Inventory:

Missiles
 m - 11 poisoned darts (quivered)
 A - 4 atropa-tipped darts
Armour
 a - a +0 animal skin (worn)
 x - a +0 cloak
Jewellery
 h - a +6 ring of strength (left claw)
Talismans
 c - a beast talisman (active)
 d - a flux talisman
Wands
 r - a wand of flame (18)
 v - a wand of digging (6)
 y - a wand of iceblast (7)
 z - a wand of light (5)
Scrolls
 g - a scroll of teleportation {unknown}
 i - 2 scrolls of poison {unknown}
 n - a scroll of brand weapon {unknown}
 o - 4 scrolls of identify {unknown}
 p - 2 scrolls of revelation {unknown}
 u - 2 scrolls of noise {unknown}
 w - a scroll of enchant weapon {unknown}
 B - a scroll of amnesia {unknown}
Potions
 b - a potion of lignification
 f - a potion of degeneration
 j - a potion of brilliance {unknown}
 k - a potion of mutation
 l - a potion of might
 q - a potion of heal wounds {unknown}
 s - a potion of attraction {unknown}
 t - 3 potions of enlightenment {unknown}


   Skills:
 + Level 2.9 Fighting
 * Level 5.4 Dodging
 + Level 6.0 Unarmed Combat
 - Level 7.0 Shapeshifting


You had 7 spell levels left.
You didn't know any spells.
Your spell library contained the following spells:

 Spells                   Type           Power      Damage    Failure   Level
 Freeze                   Ice            0%         1d3       45%         1
 Kiss of Death            Conj/Necr      0%         2d5       45%         1
 Wereblood                Tmut           0%         N/A       58%         2
 Confusing Touch          Hex            0%         N/A       83%         3
 Frozen Ramparts          Ice            0%         1d1       83%         3
 Hailstorm                Conj/Ice       0%         3d3       83%         3
 Dispel Undead            Necr           0%         3d6       99%         4
 Irradiate                Conj/Tmut      0%         3d11      100%        5


Dungeon Overview and Level Annotations

Branches:
Dungeon (6/15)             Temple (1/1) D:4

Altars:
Ashenzari
Cheibriados
Dithmenos
Fedhas
Trog
Vehumet
Wu Jian
Xom
Yredelemnul
Zin
The Shining One

Annotations:
D:1 1 runed translucent door
D:3 1 runed translucent door, Crazy Yiuf


Innate Abilities, Weirdness & Mutations

You are a hulking beast.
Your limbs bulge with bestial killing power. (Slay +4)
You are too large for most types of armour.
You have claws for hands.
Your natural rate of healing is unusually fast.
You are covered in fur. (AC +1)
You have tough skin. (AC +1)
You have a pair of small horns on your head.
You expend magic power (3 MP) to strengthen your wands.


Message History

There is a stone staircase leading up here.
Huge Dmg: -13%(-10hp) hp: 32%(23hp) Welcome back, RepHenryClay the Troll Shapeshifter.
Press ? for a list of commands and other information.
The yak gores you.
* * * LOW HITPOINT WARNING * * *
You climb upwards.
There is a stone staircase leading down here.
Damage: -4%(-3hp) hp: 28%(20hp) Welcome back, RepHenryClay the Troll Shapeshifter.
Press ? for a list of commands and other information.
You barely miss the yak.
The yak is lightly wounded.
The yak gores you.
* * * LOW HITPOINT WARNING * * *
Damage: -5%(-3hp) hp: 23%(17hp) Welcome back, RepHenryClay the Troll Shapeshifter.
Press ? for a list of commands and other information.
You closely miss the yak.
The yak is lightly wounded.
The yak closely misses you.
You scratch the yak. You headbutt the yak, but do no damage.
The yak is moderately wounded.
You barely miss the yak.
The yak is moderately wounded.
The yak barely misses you.
You scratch the yak.
The yak is moderately wounded.
The yak barely misses you.
You barely miss the yak. Your headbutt misses the yak. You claw the yak!
The yak is heavily wounded.
The yak gores you!
* * * LOW HITPOINT WARNING * * *
Huge Dmg: -19%(-14hp) hp: 10%(7hp) Welcome back, RepHenryClay the Troll Shapeshifter.
Press ? for a list of commands and other information.
It was a potion of might.
You feel very mighty all of a sudden. The yak gores you!
You die...

.........######.....###.## #..##.#
#######...##............# #.###.#
## ####....###.........## ##.#.##
.####.....### ##.........#####...#
..........## ##.....#...#.....###
##..#####..## #...........##...##
##.## ##...## #........#####.....
#..# #.....## ##Y......# ##....
...# ##......###h...##..# #..##
...# ##.....##.#.........# ##.###
...###......###..........# #..#
...##.......###..........## ##.##
......).....##..#.........###..#
......>........###........#....##
..............###...............###
#............####................##
#.............##..........####.....


You could see a yak.

Vanquished Creatures
  2 yaks (D:6)
  Edmund (D:4)
  2 water moccasins
  3 black bears (D:5)
  2 ogres (D:5)
  2 phantoms
  A scorpion (D:3)
  A jelly (D:5)
  A hound (D:4)
  2 orc priests (D:3)
  5 iguanas
  An orc wizard (D:5)
  Robin (D:2)
  6 adders
  A shadow imp (D:5)
  A white imp (D:5)
  2 ufetubi (D:5)
  4 worms
  10 orcs
  5 bats (D:2)
  9 endoplasms
  3 giant cockroaches
  19 goblins
  8 hobgoblins
  4 jackals (D:4)
  A quokka (D:1)
  A ball python (D:2)
  7 frilled lizards
  3 kobolds
  4 rats
112 creatures vanquished.

Notes
Turn   | Place    | Note
-------+----------+-------------------------------------------
     0 | D:1      | RepHenryClay the Troll Shapeshifter began the quest for the
                  | Orb.
     0 | D:1      | Reached XP level 1. HP: 18/18 MP: 0/0
     1 | D:1      | Found a runed translucent door.
     5 | D:1      | Noticed a jelly
    65 | D:1      | Reached XP level 2. HP: 25/26 MP: 1/1
   574 | D:2      | Reached XP level 3. HP: 32/32 MP: 2/2
   929 | D:2      | Noticed Robin
   941 | D:2      | Reached XP level 4. HP: 21/40 MP: 3/3
  1483 | D:2      | Killed Robin
  1616 | D:3      | Found a runed translucent door.
  1617 | D:3      | Noticed Crazy Yiuf
  1681 | D:3      | Noticed a scorpion
  1708 | D:3      | Killed a scorpion
  1709 | D:3      | Reached XP level 5. HP: 46/46 MP: 4/4
  1784 | D:3      | Found an ornate altar of the Wu Jian Council.
  1860 | D:3      | Identified the +7 scale mail of the Beginning {rElec rF+}
  1873 | D:3      | Found a bloodstained altar of Trog.
  2204 | D:4      | Found a staircase to the Ecumenical Temple.
  2216 | D:4      | Reached skill level 4 in Shapeshifting
  2216 | D:4      | Reached XP level 6. HP: 50/54 MP: 5/5
  2245 | Temple   | Entered the Ecumenical Temple
  2484 | D:4      | Found a snail-covered altar of Cheibriados.
  2563 | D:4      | Noticed Edmund
  2569 | D:4      | Killed Edmund
  2570 | D:4      | Reached skill level 5 in Shapeshifting
  2806 | D:5      | Entered Level 5 of the Dungeon
  2864 | D:5      | Reached XP level 7. HP: 50/61 MP: 6/6
  2955 | D:5      | Reached skill level 6 in Shapeshifting
  3157 | D:5      | Reached skill level 7 in Shapeshifting
  3180 | D:5      | Reached skill level 1 in Fighting
  3180 | D:5      | Reached skill level 5 in Unarmed Combat
  3768 | D:5      | Reached XP level 8. HP: 70/70 MP: 7/7
  3867 | D:5      | Gained mutation: You have a pair of small horns on your
                  | head. [potion of mutation]
  3867 | D:5      | Gained mutation: You expend magic power (3 MP) to
                  | strengthen your wands. [potion of mutation]
  4275 | D:6      | Reached skill level 5 in Dodging
  4295 | D:5      | Slain by a yak

Illustrated notes

Levels and vault maps discovered:
D:1:      dpeg_arrival_caged_fury, layout_basic
D:2:      kb_forest_paths, layout_basic, uniq_robin
D:3:      layout_basic, general_overflow_altar,
          nicolae_wu_jian_immortal_techniques, uniq_crazy_yiuf_cottage
D:4:      layout_loops_ring, slow_altar_1, minmay_temple_entry_ruins,
          uniq_edmund
D:5:      layout_layer_cave
D:6:      nicolae_BIG_FREAKIN_CUBE, layout_rooms, bloody_makhleb,
          tgw_kikubaaqudgha, uniq_prince_ribbit1, uniq_pikel
Temple:   nicolae_temple_superstar

Skill      XL: |  1  2  3  4  5  6  7  8 |
---------------+-------------------------+-----
Dodging        | 2 3 4 5 |  5.4
Unarmed Combat | 4 5 6 |  6.0
Shapeshifting  | 4 5 7 |  7.0
Fighting       | 1 2 |  2.9

Action                     |  1- 3 |  4- 6 |  7- 9 || total
---------------------------+-------+-------+-------++-------
  Melee: Unarmed           |    86 |   117 |    99 ||   302
         Punch             |       |       |     4 ||     4
         Headbutt          |       |       |     9 ||     9
  Throw: Dart              |       |     7 |     4 ||    11
    Use: Potion            |       |     2 |     4 ||     6
   Stab: Sleeping          |     1 |       |       ||     1
 Armour: Animal skin       |    57 |    83 |    84 ||   224
         Skin              |       |    12 |       ||    12
  Dodge: Dodged            |    34 |    48 |    53 ||   135
   Form: Beast             |       |       |     2 ||     2
         Flux              |       |       |     1 ||     1

Table legend: (Time is in decaauts)
 A = Elapsed time spent in this place.
 B = Non-inter-level travel time spent in this place.
 C = Inter-level travel time spent in this place.
 D = Time resting spent in this place.
 E = Time spent auto-exploring this place.
 F = Levels seen in this place.
 G = Mean time per level.
                   A        B        C        D        E       F      G
               +--------+--------+--------+--------+--------+-----+--------+
         Total |   4268 |   4163 |    105 |    184 |   3232 |   7 |  609.7 |
       Dungeon |   4267 |   4162 |    105 |    184 |   3232 |   6 |  711.2 |
        Temple |      1 |      1 |      0 |      0 |      0 |   1 |    1.0 |
               +--------+--------+--------+--------+--------+-----+--------+

Top non-repeatable levels by time:
     D:5: 1453 daAuts
     D:2: 1044 daAuts
     D:4: 622 daAuts
     D:3: 595 daAuts
     D:1: 525 daAuts
     D:6: 26 daAuts
  Temple: 1 daAuts
